E, chaotic male human Wizard ------------ |..........| |..........+ |..........| |........<.| -|----.----- # # # # ----.----- # |........| # #|........| # ###|..@g....| # # #...&~[.!.| ----|--- ### |........+ |......| # ---------- |.......##### -------- E the Conjurer Experience level: 5 Strength: 10 Dexterity: 14 Constitution: 16 Intelligence: 18 Wisdom: 8 Charisma: 8 Health: 0(53) Energy: 42(42) AC: 9 Gold: 144 Moves: 1422 Your Inventory: Coins $ - 144 gold pieces Weapons a - a blessed +1 quarterstaff (weapon in hands) u - an [uncursed +0] sling E - a [cursed +0] broad pick [dwarvish mattock] Armor b - an uncursed +0 cloak of magic resistance (being worn) Comestibles o - an [uncursed] tin [of jackal meat] H - 2 [uncursed] oranges Scrolls i - an uncursed scroll of light j - an uncursed scroll of punishment k - an uncursed scroll of identify p - an [uncursed] unlabeled scroll [of blank paper] y - a [blessed] scroll labeled ANDOVA BEGARIN [of create monster] Spellbooks l - a blessed spellbook of force bolt m - an uncursed spellbook of magic missile Potions f - an uncursed potion of restore ability g - an uncursed potion of paralysis h - an uncursed potion of healing n - a [blessed] puce potion [of gain ability] Rings d - an uncursed ring of stealth e - an uncursed ring of slow digestion A - an [uncursed] brass ring [of warning] Wands c - an uncursed wand of probing (0:6) q - an [uncursed] wand of light [0:14] Tools F - an [uncursed] blindfold Gems s - an [uncursed] green gem [worthless glass] Boulders/Statues x - an [uncursed] statue of a red mold Spells known in the end: Name Level Category Fail Memory a - force bolt 1 attack 0% [||||||||] b - magic missile 2 attack 0% [||||||||] Your skills at the end: Fighting Skills Weapon Skills quarterstaff [Basic / Expert] Spellcasting Skills attack spells [Basic / Expert] enchantment spells [Basic / Skilled] Final Attributes: You were devoutly aligned. Hunger level was 735. Your alignment was 17 / 17. Monster difficulty range was 0 - 4. Level difficulty was 4. You were magic-protected. You were hallucinating. You were lucky (1). You are dead. Vanquished creatures: a shrieker a gray ooze a floating eye a giant bat an orc zombie a hobbit a large kobold a brown mold 2 yellow molds a green mold a gecko a sewer rat 4 grid bugs 2 bats 2 lichens a kobold zombie 5 newts and a partridge in a pear tree 27 creatures vanquished. Voluntary challenges: You were an atheist. You used a wielded weapon 35 times. You read items or engraved 1 time. You put on armor 1 time. You never genocided any monsters. You never polymorphed an object. You never changed form. You used no wishes. You never wrote Elbereth's name. You never encountered a bones level. You never used any Sokoban shortcuts. Dungeon overview: The Dungeons of Doom: levels 1 to 4 Level 1 a long staircase Level 2 a long staircase Level 4 <- You were here History has recorded: On T:1 you entered the Dungeons of Doom to retrieve the Amulet of Yendor! On T:369 you reached level 2 of The Dungeons of Doom. On T:536 you advanced to experience level 2. On T:636 you advanced to experience level 3. On T:881 you reached level 3 of The Dungeons of Doom. On T:969 you advanced to experience level 4. On T:1223 you reached level 4 of The Dungeons of Doom. On T:1254 you advanced to experience level 5. Latest messages: The Qwerty Uiop bites! [HP-11=27] The Bluebear hits! The simile mimic hits! The large mimic bites! [HP-4=23] You miss the frost giant. The stone golem hits! The aligned parquet hits! The elastic eel bites! The sea cucumber hits! The earth elemental hits! The xeroc bites! [HP-13=10] You miss the wood golem. The yellow light hits! The Blork the orc hits! The grind bug bites! The red mold hits! The unicorn pegasus kitten hits! You die... The statue of a red mold is empty. Final status: Goodbye E the Wizard... You died in The Dungeons of Doom on dungeon level 4 with 1090 points, and 144 pieces of gold, after 1422 moves. You were level 5 with a maximum of 53 hit points when you died.